cohdb
Replays
Latest Replays
All Replays
Popular Replays
Top Player Replays
Match Explorer
How It Works
Community
CoH3 Stats
Reddit
Sign in to upload your games and track your stats! →
Sign in with Steam
Match 43060520
Unlisted
Match 43060520
Overview
Messages
Build Orders
End
Construct Section Command Post
Dingo Light Scout Car
Dingo Light Scout Car
Dingo Light Scout Car
Dingo Light Scout Car
Construct Platoon Command Post
Selects Heavy Armor Battlegroup
Selects Light Vehicle Withdraw and Refit
6-pounder Anti-tank Gun Team
Vickers Machine Gun Team
Construct Company Command Post
Selects Light Vehicle Withdraw and Refit
Selects Rigorous Vehicle Training
Selects Forward Repair Assembly
Selects UNKNOWN (2162094)
Foot Guards Section
Selects Radio Net
Churchill IV Heavy Tank
Armored Vehicle Training
Churchill IV Heavy Tank
Invincible_Reason
matrix4x4
萌萌家的宫先生
EGIPOP
Undead
BaronShade
只剩怀恋
chrisGY
0
0
Comments
sign in to comment!
No comments posted yet!